 Dungeon Crawl Stone Soup version 0.21.1-1-g345015f (webtiles) character file.

867 Mirai the Thaumaturge (level 7, -3/36 HPs)
             Began as a Deep Elf Conjurer on Mar 25, 2018.
             Shot with an arrow by a centaur (11 damage)
             ... on level 5 of the Dungeon.
             The game lasted 00:13:34 (4124 turns).

Mirai the Thaumaturge (Deep Elf Conjurer)           Turns: 4124, Time: 00:13:35

Health: -3/36      AC:  3    Str:  5    XL:     7   Next: 73%
Magic:  2/21       EV: 13    Int: 22    God:
Gold:   236        SH:  0    Dex: 15    Spells: 12/23 levels left

rFire    . . .     SeeInvis .   g - +0 short sword
rCold    . . .     Gourm    .   (no shield)
rNeg     . . .     Faith    .   a - +0 robe
rPois    .         Spirit   .   h - +0 helmet
rElec    .         Reflect  .   (no cloak)
rCorr    .         Harm     .   (no gloves)
MR       .....                  (no boots)
Stlth    ++........             (no amulet)
HPRegen  0.12/turn              (no ring)
MPRegen  0.17/turn              (no ring)

@: no status effects
A: no striking features
a: no special abilities


You were on level 5 of the Dungeon.
You were very hungry.

You visited 1 branch of the dungeon, and saw 5 of its levels.

You collected 236 gold pieces.

Inventory:

Hand Weapons
 g - a +0 short sword (weapon)
Missiles
 n - 4 javelins of returning (quivered)
Armour
 a - a +0 robe (worn)
 h - a +0 helmet (worn)
 p - a +0 buckler
Jewellery
 d - an uncursed amulet of harm
Wands
 t - a wand of enslavement (13)
Scrolls
 e - 5 scrolls of identify
Potions
 f - a potion of agility {unknown}
 i - a potion of flight {unknown}
 k - 2 potions of heal wounds
 o - a potion of brilliance {unknown}
 r - a potion of haste {unknown}
 s - a potion of lignification {unknown}
Books
 b - a book of Conjurations

   Spells                             Type                      Level
   a - Magic Dart                     Conjuration                  1
   b - Searing Ray                    Conjuration                  2
   c - Dazzling Spray                 Conjuration/Hexes            3
   d - Fulminant Prism                Conjuration/Hexes            4
   e - Force Lance                    Conjuration/Translocation    4
   f - Iskenderun's Mystic Blast      Conjuration                  4
Comestibles
 c - 7 rations


   Skills:
 - Level 2.4 Dodging
 - Level 2.4 Stealth
 + Level 8.6 Spellcasting
 + Level 6.5 Conjurations
 + Level 5.6 Hexes


You had 12 spell levels left.
You knew the following spells:

 Your Spells              Type           Power        Failure   Level  Hunger
a - Magic Dart            Conj           ####         1%          1    None
b - Searing Ray           Conj           #####.       1%          2    None
c - Iskenderun's Mystic   Conj           #####...     4%          4    ###....
d - Fulminant Prism       Conj/Hex       #####.....   5%          4    ###....


Dungeon Overview and Level Annotations

Branches:
Dungeon (5/15)
 Temple: D:4-7

Altars:
Dithmenos
Kikubaaqudgha
Uskayaw
Xom
Yredelemnul

Annotations:
D:5 Supahsalami's ghost, amateur MiBe


Message History

A centaur comes into view.
Casting: Iskenderun's Mystic Blast
Confirm with . or Enter, or press ? or * to list all spells.
Aiming: Iskenderun's Mystic Blast
Press: ? - help, Shift-Dir - straight line, f/p - orc
Aim: an orc, wielding a short sword (heavily wounded)
The orb of energy hits the orc.
You kill the orc!
The centaur shouts!
You are feeling very hungry.
The centaur wields a shortbow.
The centaur shoots an arrow.
The arrow hits you!
Unknown command.
Casting: Iskenderun's Mystic Blast
Confirm with . or Enter, or press ? or * to list all spells.
You can't see any susceptible monsters within range! (Use Z to cast anyway.) Unknown command.
The centaur shoots an arrow.
The arrow hits you!
* * * LOW HITPOINT WARNING * * *
The centaur shoots an arrow.
The arrow hits you!
You die...

#. ##. ## #.. #.#
#.. # ...##..# .#
.....#..###.##.#
#.............>#
#.#.[..(......#
.......@##.##.#
#.#.....##.# #
#)....##.# .#
.c.###.###.##.# ..
#........# ### .
#####..### #..
####...#########..
+.................
####...#########..


You could see a centaur.

Vanquished Creatures
  The ghost of Baghtru the Covered, an amateur MiFi of Okawaru (D:4)
  A human (D:4)
  A phantom (D:4)
  An ogre (D:4)
  2 scorpions (D:4)
  A jelly (D:4)
  4 orc wizards
  A hound skeleton (D:4)
  3 adders
  3 oozes
  4 worms
  2 dart slugs
  A leopard gecko (D:1)
  16 orcs
  10 bats
  4 giant cockroaches
  8 goblins
  6 hobgoblins
  8 jackals (D:3)
  3 quokkas
  5 frilled lizards
  A jackal zombie (D:5)
  11 kobolds
  6 rats
103 creatures vanquished.

Vanquished Creatures (others)
  2 fulminant prisms (D:4)
2 creatures vanquished.

Grand Total: 105 creatures vanquished

Notes
Turn   | Place    | Note
-------+----------+-------------------------------------------
     0 | D:1      | Mirai the Deep Elf Conjurer began the quest for the Orb.
     0 | D:1      | Reached XP level 1. HP: 10/10 MP: 6/6
   132 | D:1      | Reached skill level 4 in Spellcasting
   132 | D:1      | Reached XP level 2. HP: 15/15 MP: 5/9
   311 | D:1      | Learned a level 2 spell: Searing Ray
   375 | D:1      | Reached XP level 3. HP: 19/19 MP: 4/11
   391 | D:1      | Reached skill level 5 in Spellcasting
   775 | D:2      | Found a faded altar of an unknown god.
  1084 | D:2      | Reached XP level 4. HP: 24/24 MP: 10/13
  1172 | D:3      | Reached skill level 6 in Spellcasting
  1350 | D:3      | Learned a level 4 spell: Iskenderun's Mystic Blast
  1355 | D:3      | Learned a level 4 spell: Fulminant Prism
  1624 | D:3      | Reached skill level 1 in Hexes
  2182 | D:4      | Noticed Baghtru's ghost (amateur MiFi)
  2192 | D:4      | Killed Baghtru's ghost
  2192 | D:4      | Reached skill level 7 in Spellcasting
  2192 | D:4      | Reached skill level 5 in Conjurations
  2192 | D:4      | Reached XP level 5. HP: 9/28 MP: 3/16
  2192 | D:4      | Reached XP level 6. HP: 10/32 MP: 3/18
  2654 | D:4      | Found a hide-covered altar of Uskayaw.
  2654 | D:4      | Found an ancient bone altar of Kikubaaqudgha.
  2655 | D:4      | Found a shimmering altar of Xom.
  2673 | D:4      | Found a shadowy altar of Dithmenos.
  2989 | D:4      | Reached XP level 7. HP: 36/36 MP: 1/20
  3110 | D:4      | Found a runed door.
  3110 | D:4      | Noticed a human
  3113 | D:4      | Found a basalt altar of Yredelemnul.
  3407 | D:4      | Reached skill level 8 in Spellcasting
  3411 | D:5      | Entered Level 5 of the Dungeon
  3515 | D:5      | Noticed Supahsalami's ghost (amateur MiBe)
  3864 | D:4      | Killed a human
  3864 | D:4      | Reached skill level 5 in Hexes
  4124 | D:5      | Shot with an arrow by a centaur

Skill      XL: |  1  2  3  4  5  6  7 |
---------------+----------------------+-----
Spellcasting   | 4 5 7 8 |  8.6
Hexes          | 3 4 5 |  5.6
Conjurations   | 5 6 |  6.5
Dodging        | |  2.4
Stealth        | |  2.4

Action                   |  1- 3 |  4- 6 |  7- 9 || total
-------------------------+-------+-------+-------++-------
Melee: Unarmed           |     2 |       |       ||     2
       Short sword       |     1 |    12 |     1 ||    14
Throw: Javelin           |       |     6 |       ||     6
 Cast: Magic Dart        |    78 |    76 |    10 ||   164
       Searing Ray       |       |     7 |     3 ||    10
       Iskenderun's Myst |       |     9 |    17 ||    26
       Fulminant Prism   |       |     2 |       ||     2
  Use: Scroll            |       |     3 |     2 ||     5
  Eat: Chunk             |       |     7 |     1 ||     8
       Ration            |       |       |     1 ||     1
Armor: Robe              |     8 |    11 |     7 ||    26
Dodge: Dodged            |    19 |    35 |    14 ||    68
